Map: Miner Evacuation

Players

LilArrin

  • Race: Protoss Protoss
  • Spawn Location: 7:00

LilArrin

  • Race: Terran Terran
  • Spawn Location: 7:00

VOD

Have the link to the VOD?

Description

Time

  • Played on: May 10, 2018, 3:06 a.m.
  • Length: 19:44
Show
View Real Time Build Order
Export as new Build Order

LilArrin Protoss 

Build Orders:  

Get SALT Encoding   

Show
View Real Time Build Order
Export as new Build Order

LilArrin Terran 

Build Orders:  

Get SALT Encoding   

  12  0:03  SCV  
  13  0:20  SCV  
  14  0:33  Supply Depot  
  14  0:37  SCV  
  15  0:54  SCV  
  16  1:11  SCV  
  17  1:23  Command Center  
  17  1:29  SCV  
  18  1:46  SCV  
  18  1:49  Barracks  
  19  2:02  SCV  
  20  2:23  Orbital Command  
  20  2:47  Command Center  
  20  2:59  SCV  
  21  3:05  Orbital Command  
  21  3:14  Refinery  
  21  3:16  SCV  
  22  3:24  Refinery  
  22  3:33  SCV  
  23  3:43  SCV  
  24  3:50  SCV  
  25  4:02  Command Center  
  25  4:04  Marine  
  26  4:14  Marine  
  26  4:18  SCV  
  28  4:24  Marine  
  29  4:34  Marine  
  30  4:44  Marine  
  30  4:46  Bunker  
  30  4:47  Orbital Command  
  30  4:48  Bunker  
  31  4:55  Marine  
  32  5:00  Barracks  
  32  5:11  Marine  
  32  5:15  SCV x2  
  32  5:16  Combat Shields  
  35  5:21  Marine  
  36  5:38  Barracks Tech Lab  
  36  5:39  Barracks Tech Lab  
  36  5:40  Barracks, SCV  
  36  5:46  Orbital Command  
  37  6:02  SCV  
  37  6:06  Stabilizer Medpacks  
  39  6:17  Barracks Reactor  
  39  6:19  Engineering Bay  
  38  6:21  Engineering Bay  
  38  6:29  SCV  
  39  6:38  Orbital Command  
  39  6:41  Factory  
  39  6:42  Medic x2  
  39  6:47  SCV  
  44  6:52  Marine x2  
  44  6:53  SCV  
  44  6:57  Terran Infantry Weapons Level 1, Terran Infantry Armor Level 1  
  47  7:02  Marine  
  47  7:03  Marine  
  47  7:06  Juggernaut Plating, Incinerator Gauntlets  
  49  7:11  SCV x2  
  49  7:13  Medic  
  49  7:14  Marine  
  49  7:15  Medic  
  56  7:23  Supply Depot  
  56  7:24  Marine x2, SCV  
  56  7:25  Medic, Supply Depot  
  56  7:29  Refinery  
  61  7:30  SCV  
  61  7:31  SCV  
  61  7:32  Marine  
  64  7:49  Barracks, SCV x2  
  66  7:53  Barracks, Factory Tech Lab  
  66  7:54  Armory, SCV x2  
  68  8:02  Marine x3  
  71  8:13  SCV x2  
  71  8:14  Medic, Marine x2  
  71  8:17  Marine  
  77  8:24  Marine x2  
  77  8:25  Missile Turret  
  77  8:28  Barracks Tech Lab  
  77  8:29  Barracks Tech Lab  
  80  8:31  Advanced Siege Tech  
  80  8:34  Marine x2  
  80  8:36  SCV  
  80  8:37  Marine  
  84  8:52  Medic x2, Marine x2, Supply Depot, Missile Turret  
  84  8:55  SCV x2  
  92  9:05  Marine x6, Supply Depot  
  92  9:07  Supply Depot  
  92  9:08  SCV x2  
  100  9:16  Marine x6  
  106  9:26  Medic  
  108  9:32  Marine x2  
  108  9:36  Marine  
  108  9:38  Marine  
  108  9:43  Medic  
  108  9:48  Marine x2  
  108  9:49  Medic  
  106  9:50  Marine  
  106  9:51  Marine  
  106  9:53  Marine  
  106  9:58  Marine  
  104  10:00  Medic, Firebat  
  104  10:03  Supply Depot, Marine  
  104  10:04  Marine, Supply Depot  
  104  10:05  Supply Depot, Terran Infantry Weapons Level 2, Terran Infantry Armor Level 2  
  108  10:10  Marine x2  
  108  10:11  Marine  
  108  10:12  Medic  
  108  10:13  Marine  
  108  10:14  Marine  
  115  10:20  Marine  
  115  10:21  Marine x2  
  115  10:22  Marine  
  115  10:23  Marine  
  115  10:24  Medic  
  122  10:31  Firebat, Marine  
  122  10:33  Marine  
  122  10:37  Marine x2  
  126  10:40  Marine  
  126  10:41  Marine  
  126  10:48  Marine x2  
  130  10:53  Marine  
  130  10:57  Supply Depot  
  130  10:58  Supply Depot  
  131  11:00  Marine, Supply Depot  
  131  11:01  Medic, Marine x2  
  131  11:08  Marine  
  129  11:11  Marine x3  
  129  11:15  Marine x2  
  129  11:18  Marine  
  128  11:21  Medic, Marine  
  128  11:24  Marine  
  128  11:25  Medic, Marine  
  128  11:29  Marine  
  133  11:32  Firebat, Marine  
  133  11:34  Marine  
  133  11:38  Marine x2  
  138  11:40  Marine  
  138  11:44  Medic  
  138  11:45  Firebat  
  145  11:52  Supply Depot  
  145  11:54  Supply Depot  
  142  12:00  Marine  
  142  12:12  Medic, Marine x3  
  142  12:13  Marine x2  
  149  12:22  Marine x3  
  149  12:23  Marine x3  
  150  12:32  Marine x2  
  150  12:33  Medic  
  150  12:39  Marine x2  
  148  12:40  Medic  
  148  12:42  Marine  
  148  12:43  Marine x2  
  148  12:49  Marine, Missile Turret  
  152  12:50  Medic, Marine  
  152  12:51  Missile Turret  
  152  12:57  Marine  
  152  12:58  Marine  
  156  13:01  Marine x2  
  156  13:03  Marine x2  
  156  13:08  Marine x2  
  161  13:12  Firebat x2  
  161  13:13  Medic, Marine  
  161  13:18  Marine x2, Missile Turret  
  172  13:30  Marine  
  172  13:33  Marine  
  172  13:38  Marine x2  
  172  13:41  Marine  
  172  13:42  Marine, Supply Depot  
  172  13:44  Firebat, Supply Depot  
  172  13:46  Marine  
  172  13:47  Supply Depot  
  172  13:48  Marine  
  176  13:51  Marine x2  
  176  13:53  Marine  
  176  13:57  Firebat  
  176  13:58  Marine x2  
  170  14:09  Marine x2  
  159  14:16  Marine  
  159  14:18  Marine x2  
  159  14:19  Firebat  
  157  14:24  Marine x2  
  157  14:28  Marine  
  152  14:31  Marine x2  
  152  14:32  Firebat  
  152  14:36  Marine  
  155  14:40  Marine  
  155  14:49  Marine x2  
  152  14:58  Medic, Marine x2  
  152  14:59  Marine  
  143  15:09  Marine x2  
  144  15:13  Marine x2  
  148  15:20  Marine x2  
  148  15:21  Firebat x2  
  148  15:23  Medic, Marine  
  157  15:30  Marine x2  
  157  15:33  Marine  
  157  15:34  Firebat x2  
  157  15:35  Siege Tank  
  157  15:36  Missile Turret  
  157  15:38  Missile Turret  
  157  15:39  Missile Turret  
  165  15:41  Marine  
  164  15:55  Siege Tank  
  167  16:06  Marine  
  168  16:11  Marine x2  
  168  16:13  Medic x2  
  168  16:16  Marine, Siege Tank  
  178  16:20  Marine  
  178  16:22  Marine  
  180  16:39  Marine, Siege Tank x2  
  177  16:40  Siege Tank  
  177  16:44  Marine x2  
  177  16:46  Siege Tank, Missile Turret  
  177  16:49  Missile Turret  
  181  16:51  Missile Turret  
  181  16:56  Marine x2  
  183  17:04  Marine x2  
  183  17:05  Marine x2  
  183  17:06  Siege Tank  
  183  17:07  Marine x2  
  181  17:14  Marine x2  
  181  17:15  Marine x2  
  181  17:17  Bunker, Missile Turret  
  163  17:24  Medic, Marine x2  
  163  17:25  Marine x2, Bunker  
  163  17:27  Siege Tank  
  160  17:39  Marine  
  152  17:40  Marine  
  152  17:41  Firebat x2  
  152  17:46  Marine x2  
  152  17:47  Siege Tank  
  158  17:50  Marine  
  158  17:58  Marine x2  
  158  17:59  Medic  
  158  18:01  Marine x2  
  158  18:03  Marine  
  158  18:08  Marine  
  158  18:09  Marine  
  145  18:10  Marine  
  145  18:12  Marine x2  
  145  18:13  Marine  
  130  18:21  Marine  
  130  18:22  Siege Tank  
  130  18:24  Marine  
  111  18:40  Marine x2  
  111  18:41  Marine x3  
  111  18:46  Marine  
  112  18:50  Marine x2  
  112  18:51  Medic, Marine  
  103  19:01  Marine x2, Siege Tank  
  103  19:02  Medic  
  103  19:03  Marine x2  
  103  19:04  Marine  
  108  19:11  Marine  
  108  19:12  Marine  
  108  19:13  Marine  
  108  19:14  Medic, Marine  
  108  19:15  Marine  
  115  19:22  Marine  
Tags
 
Add a new tag
Caveats
  • Supply blocks, unpowered buildings, or Contaminate may cause inaccurate times.
  • Supply counts are checked every 10 seconds.